 Dungeon Crawl Stone Soup version 0.26-a0-712-ga5a9c9c9d0 (webtiles) character file.

Game seed: 13876101108600282548

19041 kae the Martial Artist (level 12, -6/75 HPs)
             Began as an Octopode Transmuter on Nov 6, 2020.
             Was an Elder of Hepliaklqana.
             Mangled by a sphinx (7 damage)
             ... summoned by Kirke
             ... on level 12 of the Dungeon.
             The game lasted 00:17:40 (21013 turns).

kae the Martial Artist (Octopode Transmuter)       Turns: 21013, Time: 00:17:41

Health: -6/75      AC:  3    Str: 13    XL:     12   Next: 64%
Magic:  12/16      EV: 20    Int: 18    God:    Hepliaklqana [****..]
Gold:   1180       SH:  0    Dex: 20    Spells: 8/17 levels left

rFire    . . .     SeeInvis +     - Unarmed
rCold    + + .     Faith    .   (shield currently unavailable)
rNeg     + + .     Spirit   .   (helmet restricted)
rPois    +         Reflect  .   (no amulet)
rElec    .         Harm     .   v - ring of positive energy
rCorr    +         Rampage  .   b - ring of protection from cold
MR       .....                  w - ring of the Lost Visions {rC+ Dex+7 Stlth+}
Stlth    ++++......             D - ring of resist corrosion
HPRegen  0.22/turn              J - ring of positive energy
MPRegen  0.15/turn              K - ring of attention (curse)
                                x - ring of Xom's Ringing Laughter {SInv Stlth+}
                                N - ring of poison resistance

@: blade tentacles, studying Maces & Flails
A: almost no armour, stealthy swim, amphibious, 8 rings, constrict 8, reduced
essence, thin metallic scales 1, camouflage 1, clever 1, gelatinous body 1
a: End Transformation, Recall Ancestor, Ancestor Identity, Transference,
Idealise, Renounce Religion


You were on level 12 of the Dungeon.
You worshipped Hepliaklqana.
Hepliaklqana was greatly pleased with you.
You had blades for tentacles.
You visited 2 branches of the dungeon, and saw 13 of its levels.

You collected 1284 gold pieces.
You spent 104 gold pieces at shops.

Inventory:

Jewellery
 b - a ring of protection from cold (right scythe-like blade)
 v - a ring of positive energy (left scythe-like blade)
 w - the ring of the Lost Visions (on tentacle) {rC+ Dex+7 Stlth+}
   (You found it on level 7 of the Dungeon)

   [ring of stealth]

   It affects your dexterity (+7).
   It protects you from cold.
   It makes you more stealthy.
 x - the ring of Xom's Ringing Laughter (on tentacle) {SInv Stlth+}
   (You found it on level 10 of the Dungeon)

   [ring of stealth]

   It lets you see invisible.
   It makes you more stealthy.
 D - a ring of resist corrosion (on tentacle)
 J - a ring of positive energy (on tentacle)
 K - a cursed ring of attention (on tentacle)
 M - an uncursed ring of positive energy
 N - a ring of poison resistance (on tentacle)
 P - an uncursed ring of stealth {unknown}
Wands
 f - a wand of digging (7)
 g - a wand of flame (15)
 i - a wand of random effects (34)
 o - a wand of polymorph (8)
 q - a wand of paralysis (4)
 G - a wand of disintegration (33)
Scrolls
 h - 8 scrolls of fog
 j - 5 scrolls of identify
 k - 3 scrolls of teleportation
 l - 2 scrolls of fear
 y - 2 scrolls of amnesia
 z - a scroll of noise
 B - 3 scrolls of enchant weapon
 C - 6 scrolls of remove curse
 F - 3 scrolls of magic mapping
 I - 2 scrolls of enchant armour
 O - a scroll of blinking
Potions
 a - 11 potions of curing
 c - 5 potions of ambrosia
 d - 3 potions of might
 e - 2 potions of stabbing
 m - 3 potions of brilliance
 p - 2 potions of invisibility
 r - 2 potions of mutation
 s - 2 potions of degeneration
 t - 2 potions of cancellation
 u - 3 potions of magic
 A - 2 potions of berserk rage
 E - 4 potions of lignification
 H - 2 potions of flight
Books
 L - a manual of Maces & Flails


   Skills:
 + Level 8.4 Fighting
 + Level 8.6 Dodging
 * Level 12.0 Unarmed Combat
 - Level 3.0 Spellcasting
 * Level 11.9 Transmutations


You had 8 spell levels left.
You knew the following spells:

 Your Spells              Type           Power        Failure   Level
a - Beastly Appendage     Tmut           #####.       8%          1
b - Spider Form           Tmut/Pois      ###.......   30%         3
c - Blade Hands           Tmut           #####.....   26%         5

Your spell library contained the following spells:

 Spells                   Type           Power        Failure   Level
 Wereblood                Tmut           #####...     9%          2
 Ice Form                 Ice/Tmut       ###.....     54%         4
 Corona                   Hex            #......      56%         1
 Magic Dart               Conj           #...         56%         1
 Hydra Form               Tmut           #####.....   61%         6
 Poisonous Vapours        Pois/Air       #.....       67%         2
 Searing Ray              Conj           #.....       67%         2
 Slow                     Hex            #.......     67%         2
 Swiftness                Air            #.......     67%         2
 Irradiate                Conj/Tmut      ###.......   78%         5
 Conjure Flame            Conj/Fire      #.......     83%         3
 Dazzling Flash           Conj/Hex       #.....       83%         3
 Inner Flame              Hex/Fire       #.......     83%         3
 Mephitic Cloud           Conj/Pois/Air  #.......     83%         3
 Portal Projectile        Hex/Tloc       #.....       83%         3
 Dragon Form              Tmut           #####.....   96%         7
 Airstrike                Air            #.........   99%         4
 Cause Fear               Hex            #.........   99%         4
 Fulminant Prism          Conj/Hex       #.........   99%         4
 Iskenderun's Mystic Bla  Conj/Tloc      #.......     99%         4
 Leda's Liquefaction      Hex/Erth       #.........   99%         4
 Statue Form              Tmut/Erth      ###......    99%         6
 Freezing Cloud           Conj/Ice/Air   #.........   100%        6


Dungeon Overview and Level Annotations

Branches:
Dungeon (12/15)            Temple (1/1) D:5            Lair (0/6) D:11
    Orc (0/2) D:9

Altars:
Ashenzari
Cheibriados
Dithmenos
Elyvilon
Fedhas
Gozag
Hepliaklqana
Kikubaaqudgha
Makhleb
Nemelex Xobeh
Okawaru
Qazlal
Ru
Sif Muna
Trog
Uskayaw
Vehumet
Wu Jian
Xom
Yredelemnul
Zin
The Shining One
Beogh

Shops:
D:3 *   D:9 !   D:12 }*

Annotations:
D:7 exclusion: upstairs
D:12 Kirke


Innate Abilities, Weirdness & Mutations

You cannot wear most types of armour.
You are very stealthy in the water. (Stealth+)
You are amphibious.
You can wear up to eight rings at the same time.
You can use your tentacles to constrict eight enemies at once.
Your skin changes colour to match your surroundings (Stealth+).
Your rubbery body absorbs attacks. (AC +1, EV +1)
Your life essence is reduced to manifest your ancestor. (-10% HP)
You are partially covered in thin metallic scales. (AC +2)
Your mind is acute. (Int +2)


Message History

You feel much better.
You constrict Kirke. The lindwurm barely misses you.
The lindwurm completely misses you. The lindwurm barely misses you.
Xiloxoch barely misses the lindwurm.
Kirke hits you!
You slice Kirke!!
Kirke is almost dead.
You constrict Kirke. The lindwurm bites you!
* * * LOW HITPOINT WARNING * * *
The lindwurm claws you.
* * * LOW HITPOINT WARNING * * *
The lindwurm claws you.
* * * LOW HITPOINT WARNING * * *
Xiloxoch hits the lindwurm with a +0 dagger of draining.
Xiloxoch drains the lindwurm.
Kirke closely misses you.
You hit Kirke. You slash Kirke!
Kirke is almost dead.
You constrict Kirke. The lindwurm closely misses you.
The lindwurm barely misses you. The lindwurm claws you.
* * * LOW HITPOINT WARNING * * *
The sphinx hits you!
You die...

#................R..........^...
#.######################k.######
#.# #÷.# #.# #..# #.# #..#
#.######################..#
#.........................######
#.............RkH...............
#....>.........@@k.........k....
#.##################............
#.# #............ #.#
#.........8.∩
#.##################..........^.
#...............(...............
#................)....##########
####################..# #..#


You could see the friendly Xiloxoch the hexer, Kirke, a sphinx (summoned) and 2
lindwurms.

Vanquished Creatures
  A boulder beetle (D:12)
  3 two-headed ogres
  Sonja (D:11)
  2 unseen horrors
  Pikel (D:7)
  2 ugly things (D:11)
  2 deep elf magi
  A manticore (D:12)
  2 cyclopes (D:12)
  2 kobold demonologists
  A yaktaur (D:11)
  A tengu conjurer (D:11)
  3 trolls
  Prince Ribbit (D:5)
  2 hornets
  A meliai zombie (D:10)
  5 yaks (D:9)
  Sigmund (D:4)
  A wyvern (D:8)
  A basilisk (D:11)
  4 hogs (D:12)
  2 steam dragons
  An acid dragon (D:12)
  A soldier ant (D:12)
  An ice beast (D:7)
  3 orc warriors
  2 sky beasts
  2 necrophages
  A phantom (D:5)
  3 black bears
  3 centaurs
  7 ogres
  4 big kobolds
  5 bullfrogs
  A wyvern zombie (D:11)
  3 scorpions
  10 killer bees (D:8)
  5 wights (D:11)
  4 howler monkeys
  A hexer (D:12)
  2 centaur zombies
  A quasit (D:10)
  3 jellies
  4 hounds
  A bullfrog skeleton (D:5)
  3 centaur skeletons
  A gnoll shaman (D:4)
  4 orc priests
  6 orc wizards
  Natasha (thrice) (D:4)
  9 worker ants
  4 iguanas
  2 hound zombies (D:8)
  A hound skeleton (D:8)
  2 howler monkey zombies
  A worker ant zombie (D:8)
  5 gnolls (D:4)
  6 adders
  4 white imps
  An ufetubus (D:8)
  An adder zombie (D:7)
  4 worms
  A dart slug (D:1)
  6 leopard geckos
  49 orcs
  3 ball pythons
  8 bats
  8 giant cockroaches
  5 hobgoblins
  8 jackals
  27 kobolds
  8 quokkas
  5 frilled lizards
  6 goblins (D:1)
  2 leopard gecko zombies
  A quokka skeleton (D:9)
  8 rats
310 creatures vanquished.

Vanquished Creatures (collateral kills)
  A two-headed ogre (D:11)
  A yak (D:9)
  Menkaure (D:4)
  A sky beast (D:6)
  A black bear (D:9)
  An ogre (D:5)
  A centaur (D:10)
  2 bullfrogs
  A scorpion (D:11)
  A killer bee (D:8)
  A centaur zombie (D:6)
  A hound (D:6)
  4 orc wizards
  A centaur skeleton (D:9)
  A worker ant (D:8)
  3 adders
  11 orcs
  A jackal (D:10)
  A quokka (D:7)
  3 kobolds
38 creatures vanquished.

Vanquished Creatures (others)
  9 hexers
  An ancestor (D:6)
  18 fungi (D:11)
  26 plants
  5 toadstools (D:1)
59 creatures vanquished.

Grand Total: 407 creatures vanquished

Notes
Turn   | Place    | Note
-------+----------+-------------------------------------------
     0 | D:1      | kae the Octopode Transmuter began the quest for the Orb.
     0 | D:1      | Reached XP level 1. HP: 13/13 MP: 3/3
   269 | D:1      | Reached XP level 2. HP: 3/18 MP: 3/5
  1042 | D:1      | Reached XP level 3. HP: 23/23 MP: 4/6
  2485 | D:2      | Reached XP level 4. HP: 25/28 MP: 5/7
  2552 | D:2      | Found a glowing golden altar of the Shining One.
  2941 | D:2      | Learned a level 3 spell: Spider Form
  3041 | D:3      | Reached XP level 5. HP: 24/34 MP: 5/8
  3116 | D:3      | Reached skill level 4 in Unarmed Combat
  3440 | D:3      | Found an ancient bone altar of Kikubaaqudgha.
  3815 | D:3      | Found Gozag's Platinum Reserve.
  3823 | D:3      | Found an opulent altar of Gozag.
  4226 | D:4      | Noticed Natasha
  4496 | D:4      | Killed Natasha
  4563 | D:4      | Reached XP level 6. HP: 39/39 MP: 10/10
  4732 | D:4      | Noticed Natasha
  4741 | D:4      | Killed Natasha
  4799 | D:4      | Noticed Menkaure
  4831 | D:4      | Noticed Sigmund
  4860 | D:4      | Noticed Natasha
  4861 | D:4      | Found a stormy altar of Qazlal.
  5774 | D:4      | Killed Natasha
  5774 | D:4      | Reached XP level 7. HP: 35/45 MP: 7/11
  6118 | D:4      | Killed Sigmund
  6118 | D:4      | Reached skill level 5 in Unarmed Combat
  6305 | D:5      | Entered Level 5 of the Dungeon
  6501 | D:5      | Found a staircase to the Ecumenical Temple.
  6520 | Temple   | Entered the Ecumenical Temple
  6762 | Temple   | Became a worshipper of Hepliaklqana the Forgotten
  7028 | D:5      | Found a basalt altar of Yredelemnul.
  7046 | D:5      | Reached skill level 5 in Transmutations
  7308 | D:5      | Noticed Prince Ribbit
  7578 | D:4      | Learned a level 5 spell: Blade Hands
  7585 | D:5      | Reached XP level 8. HP: 46/46 MP: 6/12
  7859 | D:5      | Killed Prince Ribbit
  7859 | D:5      | Reached skill level 6 in Unarmed Combat
  8242 | D:6      | Found a blossoming altar of Fedhas.
  8309 | D:6      | Found a hide-covered altar of Uskayaw.
  8311 | D:6      | Found a sparkling altar of Nemelex Xobeh.
  8629 | D:6      | Reached * piety under Hepliaklqana
  8905 | D:6      | Reached XP level 9. HP: 52/53 MP: 13/13
  8907 | D:6      | Reached skill level 7 in Unarmed Combat
  9325 | D:4      | Killed Menkaure
  9556 | D:7      | Reached skill level 5 in Dodging
  9643 | D:7      | Got a crude lapis lazuli ring
  9644 | D:7      | Noticed a two-headed ogre
  9652 | D:7      | Killed a two-headed ogre
  9652 | D:7      | Reached skill level 5 in Fighting
  9803 | D:7      | Reached ** piety under Hepliaklqana
  9804 | D:7      | Remembered your ancestor Xiloxoch as a hexer
 10350 | D:7      | Noticed Pikel
 10357 | D:7      | Reached skill level 8 in Unarmed Combat
 10371 | D:7      | Killed Pikel
 10371 | D:7      | Reached XP level 10. HP: 42/58 MP: 11/14
 11565 | D:8      | Reached skill level 9 in Unarmed Combat
 11889 | D:8      | Found a shimmering altar of Xom.
 12979 | D:9      | Identified the ring of the Lost Visions {rC+ Dex+7 Stlth+}
                  | (You found it on level 7 of the Dungeon)
 13379 | D:9      | Found a roughly hewn altar of Beogh.
 13778 | D:9      | Found a staircase to the Orcish Mines.
 13781 | D:9      | Found an iron altar of Okawaru.
 13833 | D:9      | Reached *** piety under Hepliaklqana
 13894 | D:9      | Found Zuruduyt's Distillery.
 13948 | D:9      | Bought a potion of mutation for 104 gold pieces
 13950 | D:9      | Gained mutation: You are dopey. (Int -2) [potion of
                  | mutation]
 13950 | D:9      | Lost mutation: You are dopey. (Int -2) [potion of mutation]
 13950 | D:9      | Gained mutation: You are partially covered in thin metallic
                  | scales. (AC +2) [potion of mutation]
 13950 | D:9      | Gained mutation: Your mind is acute. (Int +2) [potion of
                  | mutation]
 14016 | D:9      | Paralysed by a hornet for 1 turns
 14312 | D:9      | Reached XP level 11. HP: 27/65 MP: 10/15
 14691 | D:9      | Found Zuruduyt's Distillery.
 14737 | D:9      | Reached skill level 10 in Unarmed Combat
 15215 | D:9      | Found a roughly hewn altar of Beogh.
 15258 | D:9      | Found an iron altar of Okawaru.
 15278 | D:9      | Found a staircase to the Orcish Mines.
 15581 | D:10     | Entered Level 10 of the Dungeon
 15952 | D:10     | Noticed a two-headed ogre
 16648 | D:10     | Reached skill level 10 in Transmutations
 16856 | D:10     | Killed an unseen horror
 17013 | D:10     | Got a coiled amber ring
 17099 | D:10     | Identified the ring of Xom's Ringing Laughter {SInv Stlth+}
                  | (You found it on level 10 of the Dungeon)
 17100 | D:10     | Identified a scroll of acquirement
 17100 | D:10     | Acquired 391 gold pieces
 17291 | D:11     | Noticed a deep elf mage
 17291 | D:11     | Noticed an unseen horror
 17329 | D:11     | Killed a deep elf mage
 17338 | D:11     | Noticed a white ugly thing
 17348 | D:11     | Killed a white ugly thing
 17607 | D:11     | Noticed Sonja
 17609 | D:11     | Identified the Disquisition on the Birds
 17621 | D:11     | Killed Sonja
 17810 | D:11     | Killed an unseen horror
 17810 | D:11     | Reached skill level 11 in Unarmed Combat
 17877 | D:11     | Noticed a green ugly thing
 17884 | D:11     | Killed a green ugly thing
 17929 | D:11     | Reached **** piety under Hepliaklqana
 18211 | D:11     | Noticed a two-headed ogre
 18221 | D:11     | Killed a two-headed ogre
 18221 | D:11     | Reached XP level 12. HP: 52/73 MP: 10/16
 18405 | D:11     | Noticed a two-headed ogre
 18415 | D:11     | Killed a two-headed ogre
 18523 | D:11     | Found a staircase to the Lair.
 18901 | D:12     | Noticed Kirke
 19342 | D:12     | Noticed a boulder beetle
 19362 | D:12     | Killed a boulder beetle
 19771 | D:12     | Found Sutusanasy's Gadget Emporium.
 20009 | D:12     | Found Ruhyu's General Store.
 20047 | D:12     | Noticed a two-headed ogre
 20055 | D:12     | Killed a two-headed ogre
 20291 | D:12     | Reached skill level 12 in Unarmed Combat
 21011 | D:12     | Noticed a sphinx
 21013 | D:12     | HP: 1/75 [lindwurm[Kirke] (4)]
 21013 | D:12     | Mangled by a sphinx

Illustrated notes

Levels and vault maps discovered:
D:1:      ldierk_walled_garden, layout_loops_ring, serial_rivers,
          chequers_serial_rivers_large_b, chequers_serial_rivers_small_a,
          chequers_serial_rivers_micro_d, chequers_serial_rivers_small_3,
          chequers_serial_rivers_micro_e
D:2:      layout_basic, tso_altar
D:3:      layout_basic, nicolae_gozag_zags_fifth_avenue, kiku_gazebo_pond_becter
D:4:      cheibrodos_quashed, layout_rooms, nicolae_qazlal_eye_of_the_storm,
          uniq_menkaure, uniq_sigmund, uniq_natasha
D:5:      layout_basic, kennysheep_mini_moat, minmay_temple_entry_grid,
          uniq_prince_ribbit1
D:6:      layout_gridville, lemuel_crystal_altar,
          nicolae_overflow_hidden_temple, lexackson_kobold_supper
D:7:      minmay_inner_zag, layout_basic, uniq_pikel
D:8:      layout_loops_cross, overflow_temple_1_default,
          minmay_increasing_density
D:9:      minmay_skewed_foursquare, layout_loops_ring, lemuel_doored_altar,
          special_room [special_room_orc], serial_shops,
          nicolae_shop_window_shopping, mrwooster_statue_mirror
D:10:     wander_river, layout_gridville
D:11:     minmay_the_grid_octo_triangle [minmay_the_grid_octo_77,
          minmay_the_grid_octo_prize_square_snowflake,
          minmay_the_grid_octo_fat_diamond], layout_loops_ring,
          grunt_lair_entry_orc_guard_hut, uniq_sonja
D:12:     layout_long_grid, serial_shops, shop_fountains, shop_statue, shop,
          uniq_kirke
Temple:   hc_temple_tempest_star

Skill      XL: |  1  2  3  4  5  6  7  8  9 10 11 12 |
---------------+-------------------------------------+-----
Transmutations | 3 4 5 6 8 9 11 | 11.9
Fighting       | 2 3 4 5 6 7 8 |  8.4
Unarmed Combat | 4 5 6 8 9 11 12 | 12.0
Dodging        | 3 4 5 6 8 |  8.6
Spellcasting   | 3 |  3.0

Action                   |  1- 3 |  4- 6 |  7- 9 | 10-12 || total
-------------------------+-------+-------+-------+-------++-------
Melee: Unarmed           |    88 |   123 |   181 |   447 ||   839
       Constrict         |    29 |    16 |    24 |    61 ||   130
       Tentacles         |    14 |    10 |    18 |    70 ||   112
       Kick              |    17 |     9 |    16 |    11 ||    53
       Punch             |     1 |     1 |     8 |    27 ||    37
 Cast: Beastly Appendage |    17 |    15 |    14 |    10 ||    56
       Spider Form       |       |    14 |     8 |    18 ||    40
       Blade Hands       |       |       |     5 |    42 ||    47
Invok: Ancestor Life: He |       |       |     1 |       ||     1
Evoke: Wand              |       |       |     3 |     1 ||     4
  Use: Scroll            |     3 |       |    13 |    14 ||    30
       Potion            |       |       |     2 |     6 ||     8
 Stab: Sleeping          |     6 |       |     4 |    14 ||    24
       Distracted        |       |       |     1 |     7 ||     8
       Confused          |       |       |       |     2 ||     2
Armor: Skin              |    15 |     8 |     1 |    25 ||    49
Dodge: Dodged            |    72 |    68 |   124 |   333 ||   597

Table legend: (Time is in decaauts)
 A = Elapsed time spent in this place.
 B = Non-inter-level travel time spent in this place.
 C = Inter-level travel time spent in this place.
 D = Time resting spent in this place.
 E = Time spent auto-exploring this place.
 F = Levels seen in this place.
 G = Mean time per level.
                   A        B        C        D        E       F      G
               +--------+--------+--------+--------+--------+-----+--------+
         Total |  20911 |  20063 |    848 |   4396 |  13057 |  13 | 1608.5 |
       Dungeon |  20649 |  19840 |    809 |   4396 |  12834 |  12 | 1720.8 |
        Temple |    262 |    224 |     38 |      0 |    223 |   1 |  262.0 |
               +--------+--------+--------+--------+--------+-----+--------+

Top non-repeatable levels by time:
     D:9: 2837 daAuts
    D:11: 1974 daAuts
     D:3: 1962 daAuts
     D:1: 1866 daAuts
     D:8: 1819 daAuts
    D:12: 1750 daAuts
     D:7: 1664 daAuts
     D:4: 1512 daAuts
     D:5: 1499 daAuts
    D:10: 1429 daAuts
     D:6: 1199 daAuts
     D:2: 1133 daAuts
  Temple: 262 daAuts
